 Dungeon Crawl Stone Soup version 0.18.1-8-gdd0e5ea (webtiles) character file.

85 HungrySpirit the Changer (level 4, -1/38 HPs)
             Began as a Naga Transmuter on May 22, 2016.
             Slain by a goblin
             ... wielding a +0 dagger
             ... led by Robin
              (3 damage)
             ... on level 3 of the Dungeon.
             The game lasted 00:04:08 (2374 turns).

HungrySpirit the Changer (Naga Transmuter)          Turns: 2374, Time: 00:04:09

Health: -1/38      AC:  2    Str: 13    XL:     4   Next: 48%
Magic:  2/7        EV:  9    Int: 13    God:
Gold:   161        SH:  0    Dex: 12    Spells: 2 memorised, 4 levels left

rFire  . . .     SeeInvis +     o - +2 dagger (venom)
rCold  . . .     Gourm    .     l - +0 leather armour
rNeg   . . .     Faith    .     (no shield)
rPois  +         Spirit   .     (no helmet)
rElec  .         Dismiss  .     (no cloak)
rCorr  .         Reflect  .     (no gloves)
SustAt .         Harm     .     (no barding)
MR     .....                    (no amulet)
Stlth  +.........               (no ring)
                                (no ring)

@: lethally poisoned (-1 -> -2), very slightly contaminated, very slow, not
resistant to hostile enchantments, very unstealthy
A: see invisible, deformed body, poison resistance, slowness 2, slow metabolism
1, spit poison 2, AC +1
a: Spit Poison


You were on level 3 of the Dungeon.
You were hungry.

You visited 1 branch of the dungeon, and saw 3 of its levels.

You collected 161 gold pieces.

Inventory:

Hand Weapons
 o - a +2 dagger of venom (weapon)
Missiles
 a - 64 arrows
Armour
 l - a +0 leather armour (worn)
Scrolls
 h - a scroll of fog
 i - a scroll of enchant weapon
 k - 2 scrolls of identify
 m - a scroll of blinking
Potions
 e - 3 potions of lignification
 g - a potion of curing {unknown}
 j - a potion of haste {unknown}
Books
 c - a book of Changes

   Spells                             Type                      Level
   a - Beastly Appendage              Transmutation                1
   b - Sticks to Snakes               Transmutation                2
   c - Spider Form                    Transmutation/Poison         3
   d - Ice Form                       Ice/Transmutation            4
   e - Blade Hands                    Transmutation                5
Comestibles
 b - 4 meat rations
 d - 5 bread rations
 f - 7 fruits
 n - a beef jerky


   Skills:
 - Level 1.0 Fighting
 - Level 1.5 Dodging
 + Level 3.7 Unarmed Combat
 - Level 2.0 Spellcasting
 * Level 4.0 Transmutations


You had 4 spell levels left.
You knew the following spells:

 Your Spells              Type           Power        Failure   Level  Hunger
a - Beastly Appendage     Trmt           ##....       8%          1    ##.....
b - Sticks to Snakes      Trmt           ##......     12%         2    ###....


Dungeon Overview and Level Annotations

Branches:
Dungeon (3/15)

Altars:
Elyvilon
Gozag
Zin
The Shining One

Annotations:
D:3 Robin


Innate Abilities, Weirdness & Mutations

You cannot wear boots.
Your serpentine skin is tough (AC +1).
You have supernaturally acute eyesight.
Armour fits poorly on your strangely shaped body.
Your system is resistant to poisons.
You cover ground very slowly.
You have a slow metabolism.
You can spit poison.


Message History

You hit the goblin but do no damage.
You feel sick. Robin closely misses you. The goblin hits you with a dagger.
* * * LOW HITPOINT WARNING * * *
Robin hits you with a falchion of holy wrath.
* * * LOW HITPOINT WARNING * * *
Things that are here:
a dagger x2; a goblin corpse Unknown command.
You hit Robin.
Robin is poisoned.
Robin is lightly wounded.
The goblin hits you but does no damage. Robin hits you but does no damage.
You hit Robin.
Robin looks even sicker.
Robin is moderately wounded.
You feel sick. The goblin completely misses you.
You hit Robin.
Robin is severely wounded.
Robin hits you with a falchion of holy wrath.
* * * LOW HITPOINT WARNING * * *
The goblin hits you with a dagger.
You die...

.##.....##.# #...###.##
.#.......#.# #.#####..#
...g._.....####.###_#..#
.#.g.....#g#...†.##.'..#
###.....##g#S#§§##_.'..#
##...##..#r§§§###.'.##
..###.##..gg##§####_#.#
.........##.##g##.#####
.....###.##†..gg@g#
..... #....##.#### #.#..
######### #.#.. . #..
...


You could see Robin, 2 hobgoblins and a goblin.

Vanquished Creatures
  2 adders (D:2)
  An ooze (D:3)
  A worm (D:2)
  3 dart slugs
  4 giant geckos
  6 bats
  3 giant cockroaches
  5 goblins
  6 hobgoblins
  2 jackals (D:2)
  3 kobolds
  3 giant newts
  7 rats
46 creatures vanquished.

Vanquished Creatures (collateral kills)
  2 goblins (D:3)
  A quokka (D:3)
3 creatures vanquished.

Grand Total: 49 creatures vanquished

Notes
Turn   | Place    | Note
--------------------------------------------------------------
     0 | D:1      | HungrySpirit the Naga Transmuter began the quest for the Orb.
     0 | D:1      | Reached XP level 1. HP: 18/18 MP: 3/3
   344 | D:1      | Reached XP level 2. HP: 14/25 MP: 3/5
   535 | D:1      | Learned a level 2 spell: Sticks to Snakes
   895 | D:1      | Reached skill level 3 in Transmutations
   972 | D:2      | Reached XP level 3. HP: 6/31 MP: 4/6
  1618 | D:2      | Reached XP level 4. HP: 32/38 MP: 7/7
  2235 | D:3      | Found a glowing golden altar of the Shining One.
  2235 | D:3      | Found a white marble altar of Elyvilon.
  2236 | D:3      | Found a glowing silver altar of Zin.
  2277 | D:3      | Found an opulent altar of Gozag.
  2289 | D:3      | Reached skill level 4 in Transmutations
  2321 | D:3      | Noticed Robin
  2374 | D:3      | Slain by a goblin

Skill      XL: |  1  2  3  4 |
---------------+-------------+-----
Transmutations | 3 4 |  4.0
Fighting       | |  1.0
Dodging        | |  1.5
Unarmed Combat | |  3.7
Spellcasting   | |  2.0

Action                   |  1- 3 |  4- 6 || total
-------------------------+-------+-------++-------
Melee: Unarmed           |   114 |    62 ||   176
       Headbutt          |     5 |     1 ||     6
       Punch             |     1 |     1 ||     2
       Dagger            |       |     4 ||     4
 Cast: Beastly Appendage |     6 |     2 ||     8
       Sticks to Snakes  |       |     4 ||     4
  Use: Potion            |     1 |       ||     1
       Scroll            |       |     3 ||     3
  Eat: Chunk             |     1 |     2 ||     3
Armor: Robe              |    16 |       ||    16
       Leather armour    |    15 |    13 ||    28
       Skin              |     1 |       ||     1
Dodge: Dodged            |    87 |    39 ||   126
